 Dungeon Crawl Stone Soup version 0.24.0-2-g5b39cebb1c (webtiles) character file.

Game seed: 645527136410298432, levelgen mode: deterministic

560 MTVSty1e the Cleaver (level 7, -4/57 HPs)
             Began as a Minotaur Monk on Oct 29, 2019.
             Slain by Pikel
             ... wielding a +1 whip of electrocution
              (19 damage)
             ... on level 4 of the Dungeon.
             The game lasted 00:02:50 (2813 turns).

MTVSty1e the Cleaver (Minotaur Monk)                Turns: 2813, Time: 00:02:50

Health: -4/57      AC:  8    Str: 22    XL:     7   Next: 9%
Magic:  6/6        EV: 11    Int:  7    God:
Gold:   268        SH:  3    Dex: 15    Spells: 6/6 levels left

rFire    . . .     SeeInvis .   a - +0 hand axe
rCold    . . .     Gourm    .   q - +0 buckler
rNeg     . . .     Faith    .   k - +0 scale mail
rPois    .         Spirit   .   (helmet restricted)
rElec    .         Reflect  .   (no cloak)
rCorr    .         Harm     .   o - +1 pair of gloves
MR       .....                  (no boots)
Stlth    +.........             (no amulet)
HPRegen  0.19/turn              (no ring)
MPRegen  0.10/turn              (no ring)

@: mighty
A: retaliatory headbutt, horns 2, thin skeletal structure 1, wild magic 1
a: no special abilities


You were on level 4 of the Dungeon.
You were not hungry.

You visited 1 branch of the dungeon, and saw 4 of its levels.

You collected 268 gold pieces.

Inventory:

Hand Weapons
 a - a +0 hand axe (weapon)
Armour
 b - a +0 robe
 k - a +0 scale mail (worn)
 o - a +1 pair of gloves (worn)
 q - a +0 buckler (worn)
Jewellery
 r - a cursed ring of teleportation {unknown}
Wands
 n - a wand of clouds (6)
Scrolls
 d - 2 scrolls of magic mapping {unknown}
 f - 3 scrolls of teleportation {unknown}
 g - 3 scrolls of remove curse {unknown}
 h - 6 scrolls of identify {unknown}
 i - a scroll of random uselessness {unknown}
 m - a scroll of enchant armour {unknown}
 p - a scroll of blinking {unknown}
 s - a scroll of amnesia {unknown}
 t - a scroll of enchant weapon {unknown}
 u - a scroll of immolation {unknown}
Potions
 e - a potion of magic
 w - a potion of flight {unknown}
 x - a potion of agility
Comestibles
 c - 9 rations


   Skills:
 - Level 3.6 Fighting
 * Level 9.8 Axes
 - Level 3.2 Dodging
 - Level 1.5 Stealth


You had 6 spell levels left.
You didn't know any spells.
Your spell library was empty.

Dungeon Overview and Level Annotations

Branches:
Dungeon (4/15)
 Temple: D:4-7

Altars:
Ashenzari
Cheibriados
Dithmenos
Kikubaaqudgha
Trog
Yredelemnul

Annotations:
D:4 Pikel


Innate Abilities, Weirdness & Mutations

You reflexively headbutt those who attack you in melee.
You have a pair of horns on your head.
You have a somewhat thin skeletal structure. (Dex +2, Stealth)
Your spells are a little harder to cast, but a little more powerful.


Message History

Pikel is moderately wounded.
Pikel hits you with a +1 whip of electrocution.
You are electrocuted!!
* * * LOW HITPOINT WARNING * * *
You hit Pikel.
Pikel is moderately wounded.
It was a potion of mutation.
You feel extremely strange.
You feel less in control of your magic.
Your bones become slightly less dense.
Pikel zaps a wand.
The puff of flame hits you.
* * * LOW HITPOINT WARNING * * *
It was a potion of curing.
You feel better.
Pikel hits you with a +1 whip of electrocution.
* * * LOW HITPOINT WARNING * * *
It was a potion of might.
You feel very mighty all of a sudden. Pikel hits you but does no damage.
You closely miss Pikel. You headbutt Pikel!
Pikel is heavily wounded.
Pikel hits you but does no damage.
You are electrocuted!!
You die...

###
################.#
.................#
#####...###...##.#
#...# #...##.# ###
#...# #...##.#
..#########...##.#
#.........#...##@#
#.........#...##K#
#.........#...##p#
..†.......# #p#
...######## #p#
..........


Sp. ....###### #.# ..#.# #.# ..#.# You could see Pikel, 4 slaves and an adder.

Vanquished Creatures
  Grinder (D:4)
  2 ogres
  An orc priest (D:4)
  2 orc wizards (D:4)
  A worker ant (D:4)
  2 adders
  An ooze (D:2)
  A worm (D:2)
  A dart slug (D:1)
  2 orcs
  A ball python (D:1)
  6 bats
  14 goblins
  6 hobgoblins
  6 jackals
  4 kobolds
  A quokka (D:3)
  A frilled lizard (D:1)
  6 rats
59 creatures vanquished.

Notes
Turn   | Place    | Note
-------+----------+-------------------------------------------
     0 | D:1      | MTVSty1e the Minotaur Monk began the quest for the Orb.
     0 | D:1      | Reached XP level 1. HP: 19/19 MP: 0/0
    68 | D:1      | Reached skill level 4 in Axes
    86 | D:1      | Reached XP level 2. HP: 24/26 MP: 1/1
   735 | D:2      | Reached skill level 5 in Axes
   742 | D:2      | Reached XP level 3. HP: 31/31 MP: 2/2
   827 | D:2      | Found an ancient bone altar of Kikubaaqudgha.
   827 | D:2      | Found a shattered altar of Ashenzari.
   856 | D:2      | Found a bloodstained altar of Trog.
   856 | D:2      | Found a shadowy altar of Dithmenos.
   857 | D:2      | Found a snail-covered altar of Cheibriados.
  1602 | D:3      | Noticed an ogre
  1614 | D:3      | Killed an ogre
  1614 | D:3      | Reached skill level 7 in Axes
  1614 | D:3      | Reached XP level 4. HP: 22/39 MP: 3/3
  1614 | D:3      | Reached XP level 5. HP: 26/45 MP: 4/4
  2195 | D:4      | Reached skill level 8 in Axes
  2202 | D:4      | Reached XP level 6. HP: 34/51 MP: 5/5
  2343 | D:4      | Found a basalt altar of Yredelemnul.
  2374 | D:4      | Noticed Grinder
  2388 | D:4      | Paralysed by Grinder for 3 turns
  2400 | D:4      | Killed Grinder
  2400 | D:4      | Reached skill level 9 in Axes
  2688 | D:4      | Reached XP level 7. HP: 56/57 MP: 6/6
  2787 | D:4      | Noticed Pikel
  2810 | D:4      | Gained mutation: Your spells are a little harder to cast,
                  | but a little more powerful. [potion of mutation]
  2810 | D:4      | Gained mutation: You have a somewhat thin skeletal
                  | structure. (Dex +2, Stealth) [potion of mutation]
  2813 | D:4      | Slain by Pikel

Levels and vault maps discovered:
D:1:      tarquinn_simple_flora_water_b, layout_basic, minmay_misc_feat_encased,
          minmay_pentomino_x2
D:2:      layout_loops_ring, chequers_temple_overflow_statue_of_worship,
          gammafunk_temple_overflow_statue, nrook_mini_vaults
D:3:      layout_loops_ring, minmay_ogre_servants
D:4:      layout_basic, lemuel_doored_altar, kennysheep_mini_moat,
          lightli_temple_of_fire, uniq_pikel, uniq_grinder, uniq_robin

Skill      XL: |  1  2  3  4  5  6 |
---------------+-------------------+-----
Axes           | 4 5 7 8 9 |  9.8
Fighting       | |  3.6
Dodging        | |  3.2
Stealth        | |  1.5

Action                   |  1- 3 |  4- 6 |  7- 9 || total
-------------------------+-------+-------+-------++-------
Melee: Hand axe          |    96 |    61 |    34 ||   191
       Headbutt          |    16 |    13 |     4 ||    33
  Use: Potion            |       |     2 |     3 ||     5
 Stab: Sleeping          |     3 |       |       ||     3
  Eat: Chunk             |     2 |     2 |       ||     4
       Ration            |       |     1 |       ||     1
Armor: Robe              |     6 |       |       ||     6
       Scale mail        |    13 |    17 |    10 ||    40
Dodge: Dodged            |    60 |    26 |    11 ||    97
Block: Buckler           |     2 |     6 |     5 ||    13
